 Dungeon Crawl Stone Soup version 0.27-a0-695-gb4952372f7 (webtiles) character file.

Game seed: 11291171365332776272

7 Gaff the Vandal (level 2, -1/19 HPs)
             Began as a Halfling Hunter on Mar 21, 2021.
             Slain by a hobgoblin
             ... wielding a +0 club
              (7 damage)
             ... on level 1 of the Dungeon.
             The game lasted 00:00:37 (193 turns).

Gaff the Vandal (Halfling Hunter)                    Turns: 193, Time: 00:00:38

Health: -1/19      AC:  3    Str: 13    XL:     2   Next: 10%
Magic:  2/2        EV: 14    Int:  9    God:
Gold:   0          SH:  0    Dex: 14    Spells: 1/1 levels left

rFire    . . .     SeeInvis .   b - +0 short sword
rCold    . . .     Faith    .   (shield restricted)
rNeg     . . .     Spirit   .   c - +0 leather armour
rPois    .         Reflect  .   (no helmet)
rElec    .         Harm     .   (no cloak)
rCorr    .         Rampage  .   (no gloves)
Will     .....                  (no boots)
Stlth    ++........             (no amulet)
HPRegen  0.06/turn              (no ring)
MPRegen  0.08/turn              (no ring)

@: no status effects
A: small, no large weapons, mutation resistance 1
a: no special abilities


You were on level 1 of the Dungeon.
You visited 1 branch of the dungeon, and saw 1 of its levels.

Inventory:

Hand Weapons
 a - a +1 hunting sling
 b - a +0 short sword (weapon)
Missiles
 d - 20 sling bullets
 h - 32 stones (quivered)
Armour
 c - a +0 leather armour (worn)
Potions
 e - a potion of might {unknown}
 f - a potion of heal wounds {unknown}
 g - a potion of lignification {unknown}


   Skills:
 - Level 1.7 Fighting
 * Level 6.2 Slings
 - Level 2.1 Dodging
 + Level 1.6 Stealth


You had one spell level left.
You didn't know any spells.
Your spell library was empty.

Dungeon Overview and Level Annotations

Branches:
Dungeon (1/15)

Altars:


Innate Abilities, Weirdness & Mutations

You are small and have problems with some larger weapons.
You are somewhat resistant to further mutation.


Message History

The jackal bites you but does no damage.
You barely miss the jackal. The jackal misses you.
You barely miss the jackal. The jackal bites you. The jackal misses you.
You closely miss the jackal. The jackal bites you.
A hobgoblin comes into view. It is wielding a +0 club.
The jackal barely misses you.
The hobgoblin shouts!
You hit the jackal.
The jackal is severely wounded.
The jackal closely misses you.
You hit the jackal.
You kill the jackal!
The bat barely misses you. The bat hits you but does no damage.
You hit the bat.
You kill the bat!
The bat misses you. x2
You hit the bat but do no damage. The bat hits you.
* * * LOW HITPOINT WARNING * * *
The bat misses you.
You hit the bat.
You kill the bat!
The jackal barely misses you.
You have reached level 2!
You barely miss the jackal.
The jackal is severely wounded.
The jackal misses you. The jackal closely misses you.
You hit the jackal but do no damage.
The jackal is severely wounded.
The jackal closely misses you.
You hit the jackal.
You kill the jackal!
You barely miss the hobgoblin. The hobgoblin barely misses you.
You hit the hobgoblin.
The hobgoblin is heavily wounded.
The hobgoblin hits you with a +0 club.
* * * LOW HITPOINT WARNING * * *
You hit the hobgoblin.
The hobgoblin is severely wounded.
The hobgoblin hits you with a +0 club!
You die...

..................
#.######.#.##.....
####...#..#....####
#≈≈≈≈≈≈#.....####.. #
####...#.#...##.... ##.
#........#..##....#
+...
#.#.#....##.##...#.
#...###.#....##.#^..#..
#...lg@.##.####.....#..
#...######.# #.#...#..
#.. #.# #.#...#.. ##
#.# #.##...#. #.#
#..#....# ##.##.... .
###.. ##


You could see a hobgoblin and a frilled lizard.

Vanquished Creatures
  2 hobgoblins (D:1)
  2 jackals (D:1)
  2 bats (D:1)
  A rat (D:1)
7 creatures vanquished.

Notes
Turn   | Place    | Note
-------+----------+-------------------------------------------
     0 | D:1      | Gaff the Halfling Hunter began the quest for the Orb.
     0 | D:1      | Reached XP level 1. HP: 14/14 MP: 1/1
    67 | D:1      | Reached skill level 6 in Slings
   188 | D:1      | Reached XP level 2. HP: 10/19 MP: 2/2
   193 | D:1      | Slain by a hobgoblin

Illustrated notes

Levels and vault maps discovered:
D:1:      dpeg_arrival_oval, layout_basic, chequers_serial_rivers_micro_b

Skill      XL: |  1 |
---------------+----+-----
Slings         | 6 |  6.2
Fighting       | |  1.7
Dodging        | |  2.1
Stealth        | |  1.6

Action                   || total
-------------------------++-------
Melee: Short sword       ||    30
 Stab: Sleeping          ||     1
Armor: Leather armour    ||     4
Dodge: Dodged            ||    26

Table legend: (Time is in decaauts)
 A = Elapsed time spent in this place.
 B = Non-inter-level travel time spent in this place.
 C = Inter-level travel time spent in this place.
 D = Time resting spent in this place.
 E = Time spent auto-exploring this place.
 F = Levels seen in this place.
 G = Mean time per level.
                   A        B        C        D        E       F      G
               +--------+--------+--------+--------+--------+-----+--------+
         Total |    195 |    195 |      0 |     57 |     83 |   1 |  195.0 |
       Dungeon |    195 |    195 |      0 |     57 |     83 |   1 |  195.0 |
               +--------+--------+--------+--------+--------+-----+--------+

Top non-repeatable levels by time:
     D:1: 195 daAuts
